 Dungeon Crawl Stone Soup version 0.29-a0-350-g7790a0e70a (webtiles) character file.

Game seed: 12544566267228043378

191 spaghetti the Covert (level 5, 7/36 HPs)
             Began as an Octopode Delver on Apr 23, 2022.
             Quit the game on level 6 of the Dungeon.
             The game lasted 00:01:55 (1558 turns).

spaghetti the Covert (Octopode Delver)              Turns: 1558, Time: 00:01:55

Health: 7/36       AC:  1    Str: 11    XL:     5   Next: 70%
Magic:  5/5        EV: 13    Int: 12    God:
Gold:   91         SH:  0    Dex: 16    Spells: 4/4 levels left

rFire   . . .      SeeInvis .   a - +0 short sword {short}
rCold   . . .      Faith    .   (no shield)
rNeg    . . .      Spirit   .   (helmet restricted)
rPois   .          Reflect  .   (no amulet)
rElec   .          Harm     .   g - ring of flight
rCorr   .          Rampage  .   (no ring)
Will    .....                   (no ring)
Stlth   ++++++....              (no ring)
HPRegen 0.12/turn               (no ring)
MPRegen 0.09/turn               (no ring)
                                (no ring)
                                (no ring)

@: flying
A: almost no armour, amphibious, 8 rings, camouflage 1, gelatinous body 1,
(nimble swimmer 1), tentacles
a: no special abilities


You were on level 6 of the Dungeon.
You visited 1 branch of the dungeon, and saw 3 of its levels.

You collected 91 gold pieces.


Innate Abilities, Weirdness & Mutations

You cannot wear most types of armour.
You are amphibious.
You can wear up to eight rings at the same time.
Your skin changes colour to match your surroundings (Stealth+).
Your rubbery body absorbs attacks. (AC +1, EV +1)
((You are camouflaged when in or above water. (Stealth+)))
You have tentacles for arms and can constrict up to eight enemies at once.


   Skills:
 - Level 3.0 Fighting
 - Level 2.0 Short Blades
 - Level 2.0 Dodging
 + Level 10.2 Stealth


You had 4 spell levels left.
You didn't know any spells.
Your spell library contained the following spells:

 Spells                   Type           Power      Damage    Failure   Level
 Inner Flame              Hex/Fire       0%         N/A       69%         3
 Cause Fear               Hex            0%         N/A       97%         4
 Discord                  Hex            0%         N/A       100%        8

Inventory:

Hand Weapons
 a - a +0 short sword (weapon) {short}
Missiles
 c - 14 stones (quivered) {throwing}
Jewellery
 g - a ring of flight (left tentacle)
   (You found it on level 5 of the Dungeon)
Wands
 f - a wand of digging (3)
Scrolls
 b - a scroll of fog
 h - a scroll of identify {@r1}
 i - a scroll of silence {!r}
Potions
 e - a potion of haste {@q3}
 j - 2 potions of heal wounds {@q2}
 k - a potion of flight {unknown}
 l - a potion of magic {unknown}

Dungeon Overview and Level Annotations

Branches:
Dungeon (6/15)
 Temple: D:4-7

Altars:

Annotations:
D:4 Dowan, Duvessa, Eustachio

#################
................#
###############.#
#..#.########
#..oo@)......
##.#o........
#.#.........
#.#########.
#o###########'
#o#.....o....o
######
###'#....).o....
.....#
#..o..oggo######
####.#
#..g..........


You could see 2 orc priests and an orc.


Message History

You add the spells Inner Flame, Cause Fear and Discord to your library.
You reach down and open the door.
There is an open door here.
You now have 91 gold pieces (gained 9).
A gnoll comes into view. It is wielding a +0 whip.
A gnoll comes into view. It is wielding a +1 whip of flaming.
A gnoll and an orc come into view.
The gnoll shouts!
The orc shouts!
You hear a shout! x2
A gnoll shaman comes into view. It is wielding a +0 club.
The gnoll shouts!
An orc priest comes into view.
It is wielding a +0 hand axe and wearing a +1 leather armour of fire resistance.
You hear a shout!
An orc comes into view. It is wielding a +0 club.
An orc comes into view. It is wielding a +0 flail.
The orc shouts!
An orc priest comes into view. It is wielding a +0 war axe.
The gnoll shouts!
The orc priest shouts!
You hit the gnoll. You grab the gnoll. You constrict the gnoll.
You hear a shout!
The gnoll barely misses you.
You hit the gnoll. You constrict the gnoll. The gnoll hits you with a +0 flail.
An orc comes into view. It is wielding a +0 falchion.
The gnoll hits you with a +1 whip of flaming!
The gnoll burns you.
* * * LOW HITPOINT WARNING * * *
The gnoll shaman calls upon its god to speed up the gnoll.
The gnoll seems to speed up.
You are too injured to fight recklessly! 😨 HP[-19]
You take 19 damage, and now have 17/36 hp.
MASSIVE DAMAGE!! (PAUSE) Unknown command.
You hit the gnoll. Your grab misses the gnoll. You squeeze the gnoll.
You constrict the gnoll.
You kill the gnoll!
The gnoll completely misses you.
An orc comes into view. It is wielding a +0 club.
The orc hits you with a +0 hand axe.
* * * LOW HITPOINT WARNING * * *
The gnoll shaman calls upon its god to heal the gnoll.
The gnoll is healed somewhat.
Unknown command.
Unknown command.
The orc attacks as you move away! The orc hits you but does no damage.
The orc priest looks braver for a moment.
The orc attacks as you move away! The orc hits you with a +0 hand axe.
* * * LOW HITPOINT WARNING * * *
The gnoll attacks as you move away! The gnoll hits you with a +0 flail.
* * * LOW HITPOINT WARNING * * *
😨 HP[-4]
You take 4 damage, and now have 13/36 hp.
The orc attacks as you move away! The orc closely misses you.
The gnoll attacks as you move away! The gnoll hits you with a +0 flail.
* * * LOW HITPOINT WARNING * * *
The orc priest looks encouraged for a moment. 😱 HP[-4]
You take 4 damage, and now have 9/36 hp.
The orc attacks as you move away! The orc hits you with a +0 hand axe.
* * * LOW HITPOINT WARNING * * *
The gnoll attacks as you move away! The gnoll barely misses you.
There is an open door here. 😱 HP[-3]
You take 3 damage, and now have 6/36 hp.
Okay, then.
You feel much better. The gnoll barely misses you. 😮 HP[+16]
You regained 16 hp, and now have 22/36 hp.
Okay, then.
The gnoll attacks as you move away! The gnoll hits you with a +0 flail!
* * * LOW HITPOINT WARNING * * *
😨 HP[-12]
You take 12 damage, and now have 10/36 hp.
MASSIVE DAMAGE!! (PAUSE)
Okay, then.
As you read the scroll of fear, it crumbles to dust.
You assume a fearsome visage.
The gnoll shaman looks frightened!
The gnoll looks frightened! x2; The orc looks frightened! x3 😨 HP[+1] Unknown command.
An orc comes into view. It is wielding a +0 whip.
You closely miss the orc.
The orc shouts!
You grab the orc. You constrict the orc. The orc misses you.
You hit the orc but do no damage. You constrict the orc.
The orc barely misses you. 😨 HP[+1]
You hit the orc. You constrict the orc.
You kill the orc!
You hit the orc but do no damage. You grab the orc.
You constrict the orc, but do no damage.
The orc struggles to escape constriction.
You hit the orc. You constrict the orc. The orc barely misses you.
The orc priest hits you with a +0 war axe.
* * * LOW HITPOINT WARNING * * *
😱 HP[-5]
You take 5 damage, and now have 7/36 hp.
Unknown command.
Unknown command.
Okay, then.
Are you sure you want to abandon this character and quit the game? (Confirm with "yes".)

Skill      XL: |  1  2  3  4  5 |
---------------+----------------+-----
Stealth        | 7 9 10 | 10.2
Fighting       | |  3.0
Short Blades   | |  2.0
Dodging        | |  2.0

Action                   |  1- 3 |  4- 6 || total
-------------------------+-------+-------++-------
Melee: Short sword       |    12 |    13 ||    25
       Constrict         |     3 |     4 ||     7
       Tentacles         |     2 |     3 ||     5
  Use: Scroll            |     2 |     4 ||     6
       Potion            |     2 |     1 ||     3
 Stab: Sleeping          |     1 |     2 ||     3
Armor: Skin              |     1 |     1 ||     2
Dodge: Dodged            |     9 |     9 ||    18

Levels and vault maps discovered:
D:4:      layout_basic, hangedman_decor_riveting, nicolae_wooded_promenade,
          uniq_pargi, uniq_eustachio, uniq_duvessa, uniq_crazy_yiuf_cottage
D:5:      layout_loops_cross
D:6:      layout_basic

Notes
Turn   | Place    | Note
-------+----------+-------------------------------------------
     0 | D:5      | spaghetti the Octopode Delver began the quest for the Orb.
     0 | D:5      | Reached XP level 1. HP: 16/16 MP: 1/1
     0 | D:5      | magus.rc [v1.9.6]
    54 | D:5      | Noticed an ogre
    56 | D:5      | Noticed an iguana
    61 | D:5      | Killed an iguana
    62 | D:5      | Reached skill level 7 in Stealth
    62 | D:5      | Reached XP level 2. HP: 21/21 MP: 2/2
    62 | D:5      | Reached XP level 3. HP: 26/26 MP: 3/3
   168 | D:4      | Noticed Eustachio
   168 | D:4      | Noticed Dowan
   169 | D:4      | Noticed Duvessa
   385 | D:5      | Reached skill level 8 in Stealth
   415 | D:5      | Noticed a scorpion
   422 | D:5      | Killed a scorpion
   423 | D:5      | Reached skill level 9 in Stealth
   423 | D:5      | Reached XP level 4. HP: 20/31 MP: 4/4
   639 | D:5      | Reached XP level 5. HP: 36/36 MP: 5/5
  1450 | D:6      | Reached skill level 10 in Stealth
  1503 | D:6      | You pick up a book of Hexes and begin reading...
  1503 | D:6      | You add the spells Inner Flame, Cause Fear and Discord to
                  | your library.
  1541 | D:6      | HP: 9/36 [gnoll/+0 flail (4)]
  1557 | D:6      | HP: 7/36 [orc priest/+0 war axe (5)]
  1558 | D:6      | Quit the game

Vanquished Creatures
  A scorpion (D:5)
  2 hounds (D:5)
  2 iguanas
  A gnoll (D:6)
  An adder (D:5)
  A dart slug (D:5)
  2 orcs
10 creatures vanquished.

Table legend:
 A = Non-vault XP
 B = Vault XP
 C = Vault XP percentage of total XP
 D = Non-vault monster count
 E = Vault monster count
 F = Vault count percentage of total count
                 A         B        C        D         E       F
            +---------+---------+-------+---------+---------+-------
      Total |     274 |       0 |   0.0 |      10 |       0 |   0.0
            +---------+---------+-------+---------+---------+-------
        D:5 |     221 |       0 |   0.0 |       7 |       0 |   0.0
        D:6 |      53 |       0 |   0.0 |       3 |       0 |   0.0
            +---------+---------+-------+---------+---------+-------

Illustrated notes

Table legend:
 A = Kills in this place as a percentage of kills in entire the game.
 B = Kills by you in this place as a percentage of kills by you in the entire game.
 C = Kills by friends in this place as a percentage of kills by friends in the entire game.
 D = Other kills in this place as a percentage of other kills in the entire game.
 E = Experience gained in this place as a percentage of experience gained in the entire game.
 F = Experience gained in this place divided by the number of levels of this place that you have seen.
                   A       B       C       D       E      F
               +-------+-------+-------+-------+-------+----------------------
         Total | 100.0 | 100.0 |   N/A |   N/A | 100.0 |  91.3
       Dungeon | 100.0 | 100.0 |   N/A |   N/A | 100.0 |  91.3
               +-------+-------+-------+-------+-------+----------------------

Table legend: (Time is in decaauts)
 A = Elapsed time spent in this place.
 B = Non-inter-level travel time spent in this place.
 C = Inter-level travel time spent in this place.
 D = Time resting spent in this place.
 E = Time spent auto-exploring this place.
 F = Levels seen in this place.
 G = Mean time per level.
                   A        B        C        D        E       F      G
               +--------+--------+--------+--------+--------+-----+--------+
         Total |   1558 |   1533 |     25 |    458 |    956 |   3 |  519.3 |
       Dungeon |   1558 |   1533 |     25 |    458 |    956 |   3 |  519.3 |
               +--------+--------+--------+--------+--------+-----+--------+

Top non-repeatable levels by time:
     D:5: 1191 daAuts
     D:6: 360 daAuts
     D:4: 6 daAuts
